[ AOE2 MATCH · #505437255 ]
UnrankedBengalis vs Bulgarians
Player's team · LOSS
[ REPLAY ANALYSIS · EXTRACTED FROM THE RECORDED GAME ]
Feudal
9:40
Castle
—
Imperial
—
| APM avg | 61.8 |
| APM peak | 91 |
| eAPM avg | 30.1 |
| Villagers / military | 48 / 24 |
Focus
⚔️ 34.8% · 🌾 65.2%
Skirmisher ×19 · Scout Cavalry ×3 · Archer ×2
Feudal
10:31
Castle
—
Imperial
—
| APM avg | 74.7 |
| APM peak | 132 |
| eAPM avg | 33.0 |
| Villagers / military | 65 / 35 |
Focus
⚔️ 48.3% · 🌾 51.7%
Militia ×23 · Archer ×10 · Spearman ×2
Match map
Initial resources + every placement click. Lines = walls · curves = elevation contours. ◆ gold · ⬟ stone · ● berries · ✦ relic · ◌ wall gap
Your base· Open — unwalled flank
OS+ | NeoZz's base· Open — unwalled flank
Smoothed initial terrain · ◌ = detected wall gap · hover for details
Inputs per minute
— TAG_MbL_ - - OS+ | NeoZz
Build order — TAG_MbL_
145 actions detected in the replay
| 0:00 | Queue | Villager (Male) ×4 |
| 0:01 | Build | House |
| 0:02 | Build | House |
| 1:22 | Queue | Villager (Male) |
| 1:47 | Build | Lumber Camp |
| 1:54 | Queue | Villager (Male) |
| 2:13 | Queue | Villager (Male) |
| 2:30 | Queue | Villager (Male) |
| 2:51 | Queue | Villager (Male) |
| 3:19 | Queue | Villager (Male) |
| 3:29 | Build | House |
| 3:46 | Queue | Villager (Male) |
| 4:08 | Queue | Villager (Male) |
| 4:08 | Queue | Villager (Male) |
| 4:58 | Queue | Villager (Male) |
| 5:06 | Build | Mill |
| 5:25 | Queue | Villager (Male) |
| 5:40 | Build | Palisade Wall |
| 5:40 | Build | Palisade Wall |
| 5:43 | Build | Palisade Wall |
| 5:44 | Build | Palisade Wall |
| 5:51 | Queue | Villager (Male) |
| 5:52 | Queue | Villager (Male) |
| 6:03 | Build | Palisade Wall |
| 6:05 | Build | Palisade Wall |
| 6:06 | Build | Palisade Wall |
| 6:11 | Queue | Villager (Male) |
| 6:32 | Build | Palisade Wall |
| 6:35 | Build | Palisade Wall |
| 6:36 | Build | Palisade Wall |
| 6:39 | Build | Palisade Wall |
| 6:41 | Build | Palisade Wall |
| 6:42 | Build | Palisade Wall |
| 6:44 | Queue | Villager (Male) |
| 7:05 | Research | Loom |
| 7:25 | Build | Lumber Camp |
| 7:27 | Research | Feudal Age |
| 8:08 | Build | Farm |
| 8:13 | Build | Farm |
| 8:26 | Build | Palisade Wall |
| 8:32 | Build | Palisade Wall |
| 8:39 | Queue | Villager (Male) |
| 9:00 | Build | Barracks |
| 9:40 | Age | Feudal Age |
| 9:44 | Build | House |
| 9:47 | Research | Town Watch |
| 9:54 | Queue | Villager (Male) |
| 10:01 | Build | Stable |
| 10:06 | Build | House |
| 10:17 | Research | Double-Bit Axe |
| 10:21 | Queue | Villager (Male) |
| 10:39 | Build | Palisade Gate |
| 10:41 | Build | House |
| 10:45 | Queue | Scout Cavalry |
| 10:53 | Queue | Villager (Male) |
| 10:56 | Build | House |
| 11:27 | Queue | Villager (Male) |
| 11:31 | Build | Archery Range |
| 11:43 | Build | Farm |
| 11:53 | Build | Farm |
| 12:02 | Queue | Villager (Male) |
| 12:07 | Build | Farm |
| 12:28 | Queue | Villager (Male) |
| 12:29 | Build | Farm |
| 12:30 | Queue | Archer |
| 12:30 | Queue | Archer |
| 12:41 | Build | House |
| 12:41 | Build | Palisade Wall |
| 12:50 | Build | Palisade Gate |
| 13:03 | Queue | Villager (Male) |
| 13:07 | Build | Farm |
| 13:08 | Build | Farm |
| 13:12 | Queue | Villager (Male) |
| 13:14 | Build | Farm |
| 13:37 | Queue | Villager (Male) |
| 13:39 | Build | Farm |
| 13:59 | Build | House |
| 14:01 | Build | House |
| 14:02 | Build | Palisade Wall |
| 14:04 | Build | House |
| 14:05 | Build | Palisade Wall |
| 14:06 | Build | Palisade Wall |
| 14:12 | Build | Palisade Wall |
| 14:13 | Queue | Villager (Male) |
| 14:16 | Queue | Skirmisher |
| 14:17 | Queue | Skirmisher |
| 14:30 | Queue | Skirmisher |
| 14:35 | Build | House |
| 14:36 | Build | House |
| 14:42 | Build | Watch Tower |
| 14:50 | Queue | Villager (Male) |
| 14:55 | Queue | Skirmisher |
| 15:09 | Build | Farm |
| 15:13 | Queue | Villager (Male) |
| 15:27 | Build | House |
| 15:27 | Queue | Villager (Male) |
| 15:35 | Queue | Skirmisher |
| 15:41 | Queue | Villager (Male) |
| 15:42 | Build | Farm |
| 15:44 | Build | Farm |
| 16:01 | Build | Farm |
| 16:11 | Queue | Skirmisher |
| 16:11 | Queue | Skirmisher |
| 16:16 | Queue | Villager (Male) |
| 16:19 | Build | Farm |
| 16:29 | Queue | Skirmisher |
| 16:30 | Queue | Villager (Male) |
| 16:35 | Build | House |
| 16:38 | Build | House |
| 16:40 | Build | Palisade Wall |
| 16:46 | Queue | Villager (Male) |
| 16:59 | Queue | Skirmisher |
| 16:59 | Queue | Skirmisher |
| 17:27 | Build | Lumber Camp |
| 17:40 | Queue | Villager (Male) |
| 17:43 | Build | Farm |
| 18:05 | Queue | Villager (Male) |
| 18:07 | Build | Farm |
| 18:07 | Build | Farm |
| 18:19 | Queue | Skirmisher |
| 18:21 | Queue | Skirmisher |
| 18:27 | Queue | Villager (Male) |
| 18:28 | Queue | Villager (Male) |
| 18:31 | Build | House |
| 18:32 | Build | House |
| 18:33 | Build | House |
| 18:37 | Queue | Villager (Male) |
| 18:45 | Build | Mining Camp |
| 19:16 | Queue | Villager (Male) |
| 19:26 | Queue | Villager (Male) |
| 19:31 | Queue | Skirmisher |
| 19:31 | Queue | Skirmisher |
| 19:35 | Queue | Scout Cavalry |
| 19:35 | Queue | Scout Cavalry |
| 19:42 | Queue | Skirmisher |
| 19:50 | Queue | Villager (Male) |
| 19:56 | Queue | Skirmisher |
| 20:08 | Queue | Skirmisher |
| 20:32 | Queue | Skirmisher |
| 20:55 | Build | House |
| 20:59 | Queue | Villager (Male) |
| 21:00 | Queue | Skirmisher |
| 21:33 | Queue | Villager (Male) |
| 21:34 | Queue | Villager (Male) |
| 21:52 | Build | Lumber Camp |
Build order — OS+ | NeoZz
First 150 of 212 actions detected
| 0:01 | Queue | Villager (Male) |
| 0:01 | Queue | Villager (Male) |
| 0:02 | Build | House |
| 0:03 | Build | House |
| 0:06 | Queue | Villager (Male) |
| 0:09 | Queue | Villager (Male) |
| 1:27 | Queue | Villager (Male) |
| 1:51 | Queue | Villager (Male) |
| 1:51 | Queue | Villager (Male) |
| 2:15 | Queue | Villager (Male) |
| 2:42 | Queue | Villager (Male) |
| 2:53 | Build | Barracks |
| 3:00 | Queue | Villager (Male) |
| 3:00 | Queue | Villager (Male) |
| 3:09 | Build | House |
| 3:16 | Build | House |
| 3:19 | Queue | Villager (Male) |
| 3:19 | Queue | Villager (Male) |
| 3:53 | Queue | Militia |
| 3:57 | Queue | Villager (Male) |
| 4:19 | Queue | Militia |
| 4:36 | Queue | Villager (Male) |
| 4:36 | Queue | Villager (Male) |
| 4:42 | Build | House |
| 4:54 | Queue | Villager (Male) |
| 4:55 | Queue | Villager (Male) |
| 5:20 | Queue | Villager (Male) |
| 5:50 | Queue | Villager (Male) |
| 5:54 | Queue | Villager (Male) |
| 5:55 | Queue | Villager (Male) |
| 6:08 | Queue | Villager (Male) |
| 6:38 | Build | Mill |
| 6:44 | Queue | Villager (Male) |
| 6:45 | Build | House |
| 7:33 | Research | Loom |
| 7:34 | Build | Lumber Camp |
| 8:08 | Research | Feudal Age |
| 8:50 | Build | Mill |
| 9:04 | Queue | Villager (Male) |
| 9:09 | Queue | Villager (Male) |
| 9:13 | Queue | Militia |
| 9:39 | Build | Mining Camp |
| 9:49 | Queue | Villager (Male) |
| 10:00 | Queue | Militia |
| 10:16 | Build | Mining Camp |
| 10:26 | Queue | Villager (Male) |
| 10:29 | Queue | Villager (Male) |
| 10:31 | Age | Feudal Age |
| 10:35 | Research | Double-Bit Axe |
| 10:37 | Queue | Villager (Male) |
| 10:40 | Build | House |
| 10:53 | Queue | Villager (Male) |
| 11:11 | Build | Farm |
| 11:18 | Build | Palisade Wall |
| 11:31 | Queue | Spearman |
| 11:45 | Queue | Villager (Male) |
| 11:45 | Queue | Villager (Male) |
| 11:47 | Build | Watch Tower |
| 11:54 | Build | Palisade Wall |
| 11:59 | Build | Farm |
| 12:00 | Build | Farm |
| 12:15 | Queue | Villager (Male) |
| 12:16 | Build | Palisade Wall |
| 12:18 | Build | Palisade Wall |
| 12:34 | Build | Archery Range |
| 12:56 | Queue | Villager (Male) |
| 13:06 | Build | Palisade Wall |
| 13:07 | Build | Palisade Wall |
| 13:07 | Build | Palisade Wall |
| 13:07 | Build | Palisade Wall |
| 13:07 | Build | Palisade Wall |
| 13:08 | Build | Palisade Wall |
| 13:08 | Build | Palisade Wall |
| 13:12 | Build | Watch Tower |
| 13:24 | Build | Gate |
| 13:32 | Queue | Villager (Male) |
| 13:32 | Queue | Villager (Male) |
| 13:33 | Build | Farm |
| 13:34 | Build | Farm |
| 13:35 | Queue | Archer |
| 13:43 | Build | Gate |
| 13:52 | Build | Outpost |
| 14:00 | Build | Watch Tower |
| 14:03 | Build | House |
| 14:10 | Queue | Archer |
| 14:11 | Queue | Villager (Male) |
| 14:27 | Build | Blacksmith |
| 14:33 | Build | Stone Wall |
| 14:33 | Build | Stone Wall |
| 14:44 | Queue | Villager (Male) |
| 14:47 | Build | Outpost |
| 14:53 | Queue | Archer |
| 14:56 | Queue | Villager (Male) |
| 14:57 | Build | House |
| 15:10 | Build | House |
| 15:19 | Research | Fletching |
| 15:23 | Build | Farm |
| 15:24 | Build | Farm |
| 15:40 | Queue | Villager (Male) |
| 15:40 | Queue | Villager (Male) |
| 15:44 | Build | Farm |
| 15:49 | Queue | Archer |
| 15:56 | Build | House |
| 16:03 | Queue | Archer |
| 16:10 | Queue | Villager (Male) |
| 16:11 | Queue | Villager (Male) |
| 16:18 | Queue | Villager (Male) |
| 16:27 | Queue | Archer |
| 16:38 | Build | Watch Tower |
| 16:43 | Research | Scale Mail Armor |
| 16:44 | Build | Farm |
| 16:45 | Build | Farm |
| 16:48 | Queue | Militia |
| 16:48 | Queue | Militia |
| 17:04 | Build | Farm |
| 17:04 | Queue | Villager (Male) |
| 17:05 | Queue | Villager (Male) |
| 17:15 | Build | Farm |
| 17:20 | Queue | Villager (Male) |
| 17:20 | Queue | Villager (Male) |
| 17:29 | Build | Outpost |
| 17:37 | Queue | Militia |
| 17:38 | Queue | Archer |
| 17:41 | Queue | Villager (Male) |
| 17:45 | Build | Outpost |
| 17:48 | Build | Farm |
| 17:49 | Build | Farm |
| 17:59 | Build | Watch Tower |
| 18:07 | Queue | Villager (Male) |
| 18:14 | Build | Watch Tower |
| 18:16 | Queue | Villager (Male) |
| 18:21 | Queue | Archer |
| 18:42 | Queue | Militia |
| 18:43 | Queue | Villager (Male) |
| 18:43 | Queue | Villager (Male) |
| 18:47 | Build | House |
| 19:04 | Queue | Villager (Male) |
| 19:04 | Queue | Villager (Male) |
| 19:06 | Queue | Militia |
| 19:08 | Build | Barracks |
| 19:13 | Build | Watch Tower |
| 19:14 | Queue | Militia |
| 19:17 | Queue | Militia |
| 19:21 | Build | House |
| 19:30 | Queue | Archer |
| 19:30 | Queue | Militia |
| 19:37 | Build | House |
| 19:43 | Queue | Militia |
| 19:46 | Queue | Militia |
| 19:46 | Queue | Villager (Male) |
Match timeline
| 2:53 | OS+ | NeoZz · first_building Barracks |
| 5:40 | TAG_MbL_ · wall_segment Palisade Wall x1 |
| 5:40 | TAG_MbL_ · wall_segment Palisade Wall x1 |
| 5:43 | TAG_MbL_ · wall_segment Palisade Wall x1 |
| 5:44 | TAG_MbL_ · wall_segment Palisade Wall x1 |
| 6:03 | TAG_MbL_ · wall_segment Palisade Wall x1 |
| 6:05 | TAG_MbL_ · wall_segment Palisade Wall x1 |
| 6:06 | TAG_MbL_ · wall_segment Palisade Wall x1 |
| 6:32 | TAG_MbL_ · wall_segment Palisade Wall x1 |
| 6:35 | TAG_MbL_ · wall_segment Palisade Wall x1 |
| 6:36 | TAG_MbL_ · wall_segment Palisade Wall x1 |
| 6:39 | TAG_MbL_ · wall_segment Palisade Wall x1 |
| 6:41 | TAG_MbL_ · wall_segment Palisade Wall x1 |
| 6:42 | TAG_MbL_ · wall_segment Palisade Wall x1 |
| 8:26 | TAG_MbL_ · wall_segment Palisade Wall x1 |
| 8:32 | TAG_MbL_ · wall_segment Palisade Wall x1 |
| 9:00 | TAG_MbL_ · first_building Barracks |
| 9:40 | TAG_MbL_ · age_up feudal |
| 10:01 | TAG_MbL_ · first_building Stable |
| 10:31 | OS+ | NeoZz · age_up feudal |
| 11:18 | OS+ | NeoZz · wall_segment Palisade Wall x1 |
| 11:31 | TAG_MbL_ · first_building Archery Range |
| 11:54 | OS+ | NeoZz · wall_segment Palisade Wall x1 |
| 12:16 | OS+ | NeoZz · wall_segment Palisade Wall x1 |
| 12:18 | OS+ | NeoZz · wall_segment Palisade Wall x1 |
| 12:34 | OS+ | NeoZz · first_building Archery Range |
| 12:41 | TAG_MbL_ · wall_segment Palisade Wall x1 |
| 13:06 | OS+ | NeoZz · wall_segment Palisade Wall x1 |
| 13:07 | OS+ | NeoZz · wall_segment Palisade Wall x1 |
| 13:07 | OS+ | NeoZz · wall_segment Palisade Wall x1 |
| 13:07 | OS+ | NeoZz · wall_segment Palisade Wall x2 |
| 13:07 | OS+ | NeoZz · wall_segment Palisade Wall x2 |
| 13:08 | OS+ | NeoZz · wall_segment Palisade Wall x1 |
| 13:08 | OS+ | NeoZz · wall_segment Palisade Wall x1 |
| 14:02 | TAG_MbL_ · wall_segment Palisade Wall x1 |
| 14:05 | TAG_MbL_ · wall_segment Palisade Wall x1 |
| 14:06 | TAG_MbL_ · wall_segment Palisade Wall x1 |
| 14:12 | TAG_MbL_ · wall_segment Palisade Wall x1 |
| 14:33 | OS+ | NeoZz · wall_segment Stone Wall x1 |
| 14:33 | OS+ | NeoZz · wall_segment Stone Wall x1 |
| 16:40 | TAG_MbL_ · wall_segment Palisade Wall x1 |
| 20:17 | OS+ | NeoZz · wall_segment Palisade Wall x1 |
| 20:17 | OS+ | NeoZz · wall_segment Palisade Wall x1 |
| 20:17 | OS+ | NeoZz · wall_segment Palisade Wall x1 |
| 20:18 | OS+ | NeoZz · wall_segment Palisade Wall x1 |
| 20:18 | OS+ | NeoZz · wall_segment Palisade Wall x2 |
| 20:18 | OS+ | NeoZz · wall_segment Palisade Wall x1 |
| 20:18 | OS+ | NeoZz · wall_segment Palisade Wall x1 |
| 20:19 | OS+ | NeoZz · wall_segment Palisade Wall x2 |
| 20:19 | OS+ | NeoZz · wall_segment Palisade Wall x1 |
| 20:19 | OS+ | NeoZz · wall_segment Palisade Wall x1 |
| 20:19 | OS+ | NeoZz · wall_segment Palisade Wall x2 |
| 21:00 | OS+ | NeoZz · wall_segment Palisade Wall x1 |
| 21:01 | OS+ | NeoZz · wall_segment Palisade Wall x1 |
| 21:01 | OS+ | NeoZz · wall_segment Palisade Wall x1 |
| 21:01 | OS+ | NeoZz · wall_segment Palisade Wall x1 |
| 21:01 | OS+ | NeoZz · wall_segment Palisade Wall x1 |
| 21:02 | OS+ | NeoZz · wall_segment Palisade Wall x1 |
| 21:02 | OS+ | NeoZz · wall_segment Palisade Wall x1 |
| 21:02 | OS+ | NeoZz · wall_segment Palisade Wall x1 |
| 21:02 | OS+ | NeoZz · wall_segment Palisade Wall x1 |
| 21:03 | OS+ | NeoZz · wall_segment Palisade Wall x1 |
| 21:03 | OS+ | NeoZz · wall_segment Palisade Wall x2 |
| 21:03 | OS+ | NeoZz · wall_segment Palisade Wall x1 |
| 21:03 | OS+ | NeoZz · wall_segment Palisade Wall x1 |
| 21:05 | OS+ | NeoZz · wall_segment Palisade Wall x1 |
| 21:10 | OS+ | NeoZz · wall_segment Palisade Wall x1 |
| 22:03 | OS+ | NeoZz · wall_segment Stone Wall x1 |
| 22:03 | OS+ | NeoZz · wall_segment Stone Wall x1 |
| 22:04 | OS+ | NeoZz · wall_segment Stone Wall x1 |
| 22:17 | OS+ | NeoZz · wall_segment Stone Wall x1 |
| 22:17 | OS+ | NeoZz · wall_segment Stone Wall x1 |
| 22:17 | OS+ | NeoZz · wall_segment Stone Wall x1 |
| 22:18 | OS+ | NeoZz · wall_segment Stone Wall x2 |
| 22:18 | OS+ | NeoZz · wall_segment Stone Wall x1 |
| 22:18 | OS+ | NeoZz · wall_segment Stone Wall x1 |
| 22:18 | TAG_MbL_ · resign |
[ AI ANALYSIS · 1 CREDIT ]
What really happened in this match?
Wolo.gg analyzes every decision: build order, eco, micro, common mistakes by bracket. Personalized analysis on WhatsApp or Discord in 30 seconds.
Civ guide
Bengalis
Perfil
MbL